AoeStats
← AiM | CyclopsTron

Lombardia

508573277Analyzed
4v4 RM · 8d ago on Sep 23, 2026· 45m 54s· 8 players
Game mode
Random Map
Map size
Large (8 player)
Population
200
Speed
Normal
Resources
Standard
Victory
Conquest
Starting age
Dark Age
Ending age
Imperial Age
RankedLock teamsTeams togetherTeam positionsShared explorationLock speedFull tech treeHidden civsTurbo modeCheats
Victory
Defeat
🇲🇽 Saxons · Mexico
1691
+12
🇲🇽 Danes · Mexico
1654
+14
🇲🇽 Danes · Mexico
1617
+15
🇲🇽 Varangians · Mexico
1502
+20
🇧🇷 Saxons · Brazil
1671
-18
🇲🇽 Britons · Mexico
1645
-17
🇲🇽 Byzantines · Mexico
1590
-15
🇲🇽 Danes · Mexico
1488
-11
HK | El Chairo
5:36 Loom
8:04 Feudal Age
11:44 Fletching
13:58 Double-Bit Axe
14:12 Horse Collar
21:31 Castle Age
21:06 Gold Mining
22:36 Bow Saw
22:27 Heavy Plow
23:03 Wheelbarrow
23:41 Wheelbarrow
27:32 Hand Cart
27:23 Bodkin Arrow
31:38 Ballistics
33:50 Imperial Age
31:40 Crossbowman
32:21 Padded Archer Armor
34:35 Bracer
35:42 Chemistry
34:48 Siege Engineers
34:54 Masonry
35:02 Arbalester
36:13 Caravan
36:43 Leather Archer Armor
38:04 Ring Archer Armor
41:15 Coinage
EXILE | Neany
6:11 Loom
9:18 Feudal Age
10:52 Double-Bit Axe
12:55 Horse Collar
21:24 Castle Age
23:02 Scale Barding Armor
23:08 Forging
43:02 Bow Saw
42:55 Heavy Plow
43:45 Gold Mining
43:46 Stone Mining
[GDL] Zuko
8:39 Loom
11:24 Feudal Age
14:57 Castle Age
13:04 Double-Bit Axe
13:30 Horse Collar
19:00 Bow Saw
20:37 Wheelbarrow
21:06 Man-at-Arms
22:18 Scale Mail Armor
21:48 Long Swordsman
23:33 Squires
26:38 Chain Mail Armor
29:00 Arson
29:26 Forging
29:25 Heavy Plow
31:39 Gold Mining
36:00 Imperial Age
34:18 Gold Shaft Mining
34:00 Hand Cart
33:30 Town Watch
33:29 Hamask
34:59 Iron Casting
35:57 Stone Mining
37:28 Conscription
36:29 Pikeman
37:45 Plate Mail Armor
37:31 Two-Handed Swordsman
37:57 Gambesons
37:50 Halberdier
39:38 Plate Mail Armor
40:31 Blast Furnace
40:56 Fletching
44:26 Champion
APZz_
6:56 Loom
9:42 Feudal Age
11:35 Double-Bit Axe
15:40 Castle Age
13:27 Horse Collar
17:15 Bow Saw
19:42 Wheelbarrow
27:27 Scale Mail Armor
27:47 Forging
29:54 Heavy Plow
32:30 Hand Cart
32:53 Gold Mining
32:53 Stone Mining
37:02 Imperial Age
34:36 Fletching
35:49 Ballistics
35:30 Bodkin Arrow
36:36 Gold Shaft Mining
37:04 Iron Casting
36:44 Chain Mail Armor
36:52 Squires
36:37 Arson
38:16 Plate Mail Armor
37:14 Elite Hearth Troop
38:14 Bracer
40:43 Chemistry
39:47 Shield Wall
40:47 Conscription
41:48 Siege Engineers
44:17 Treadmill Crane
44:47 Masonry
LeBotut
5:10 Loom
12:10 Feudal Age
15:52 Castle Age
13:55 Double-Bit Axe
13:50 Horse Collar
16:52 Scale Mail Armor
17:03 Forging
19:02 Chain Mail Armor
18:57 Squires
21:35 Arson
25:11 Hamask
31:39 Iron Casting
32:55 Wheelbarrow
34:47 Fletching
36:41 Hand Cart
36:44 Bow Saw
43:19 Imperial Age
41:13 Heavy Plow
41:05 Gold Mining
41:50 Town Watch
42:43 Gold Shaft Mining
43:20 Elite Jomsviking
44:50 Conscription
45:16 Plate Mail Armor
AiM | CyclopsTron
5:09 Loom
9:01 Feudal Age
9:59 Double-Bit Axe
11:50 Horse Collar
20:17 Castle Age
19:54 Fletching
19:51 Town Watch
20:13 Gold Mining
21:11 Bodkin Arrow
23:48 Wheelbarrow
27:23 Town Patrol
28:22 Guard Tower
29:17 Masonry
30:32 Hand Cart
31:07 Murder Holes
34:21 Imperial Age
33:32 Padded Archer Armor
34:00 Ballistics
36:19 Scale Mail Armor
36:24 Squires
37:07 Conscription
36:11 Shield Wall
37:31 Bow Saw
36:43 Elite Skirmisher
37:26 Bracer
38:26 Leather Archer Armor
39:16 Chemistry
40:37 Architecture
41:22 Ring Archer Armor
40:16 Pikeman
40:18 Elite Varangian Guard
40:29 Clerical Recruitment
42:39 Scale Mail Armor
42:49 Forging
44:25 Chain Mail Armor
44:46 Iron Casting
44:26 Arson
46:14 Plate Mail Armor
45:54 Man-at-Arms
46:19 Gambesons
The Lord Daniel
6:08 Loom
8:22 Feudal Age
9:33 Double-Bit Axe
9:28 Horse Collar
15:51 Wheelbarrow
18:54 Castle Age
17:15 Gold Mining
20:03 Bow Saw
25:09 Hand Cart
28:20 Heavy Plow
31:09 Imperial Age
28:54 Stone Mining
29:11 Scale Barding Armor
29:16 Forging
29:16 Husbandry
30:34 Stone Shaft Mining
30:21 Chain Barding Armor
30:23 Bloodlines
30:02 Town Watch
31:56 Iron Casting
31:31 Cavalier
33:22 Plate Barding Armor
33:16 Conscription
33:57 Two-Man Saw
33:52 Vendel Legacy
36:29 Blast Furnace
38:46 Light Cavalry
40:33 Fletching
41:05 Ballistics
41:33 Guilds
40:48 Hussar
42:18 Guilds
43:41 Crop Rotation
44:41 Elite Jarl
Crosnay
10:47 Feudal Age
15:00 Castle Age
14:31 Loom
15:13 Scale Mail Armor
15:53 Double-Bit Axe
20:10 Forging
21:02 Wheelbarrow
20:55 Arson
22:07 Squires
28:46 Iron Casting
29:44 Bow Saw
31:47 Bloodlines
32:14 Fletching
33:29 Husbandry
35:37 Bodkin Arrow
37:48 Town Watch
41:28 Imperial Age
39:08 Thumb Ring
39:05 Padded Archer Armor
40:16 Chain Mail Armor
39:23 Man-at-Arms
39:48 Gambesons
40:57 Hand Cart
40:05 Long Swordsman
40:49 Gold Mining
40:53 Stone Mining
41:32 Two-Handed Swordsman
42:29 Elite Varangian Guard
45:48 Siege Engineers
Connection lost

Rejoining the realm…

Still unreachable

The connection could not be restored.

Session expired

The server has moved on; the page needs a fresh start.